 Dungeon Crawl Stone Soup version 0.27.0-1-g7a089689b8 (webtiles) character file.

Game seed: 2737938071144684208

1082 Leibowitz the Cleaver (level 8, -1/102 HPs)
             Began as a Minotaur Gladiator on Aug 11, 2021.
             Slain by a vampire (3 damage)
             ... on level 5 of the Dungeon.
             The game lasted 00:08:29 (4718 turns).

Leibowitz the Cleaver (Minotaur Gladiator)          Turns: 4718, Time: 00:08:30

Health: -1/102     AC:  9    Str: 20    XL:     8   Next: 8%
Magic:  7/7        EV:  9    Int:  5    God:
Gold:   236        SH:  0    Dex: 13    Spells: 7/7 levels left

rFire    . . .     SeeInvis .   a - +0 war axe
rCold    . . .     Faith    .   (no shield)
rNeg     . . .     Spirit   .   f - +0 chain mail
rPois    .         Reflect  .   c - +0 hat
rElec    .         Harm     .   (no cloak)
rCorr    .         Rampage  .   (no gloves)
Will     .....                  (no boots)
Stlth    ..........             n - amulet of the acrobat
HPRegen  0.27/turn              (no ring)
MPRegen  0.10/turn              (no ring)

@: brilliant, berserking, hasted, very quick
A: horns 2, retaliatory headbutt
a: no special abilities


You were on level 5 of the Dungeon.
You visited 1 branch of the dungeon, and saw 5 of its levels.
You also visited: Sewer.

You collected 236 gold pieces.

Inventory:

Hand Weapons
 a - a +0 war axe (weapon)
 b - a +1 short sword of venom
Missiles
 d - 3 throwing nets (quivered)
Armour
 c - a +0 hat (worn)
 f - a +0 chain mail (worn)
Jewellery
 h - an amulet of faith
 n - an amulet of the acrobat (around neck)
Scrolls
 e - 2 scrolls of enchant weapon {unknown}
 l - 2 scrolls of immolation {unknown}
 m - 4 scrolls of identify {unknown}
 p - a scroll of fog {unknown}
 r - a scroll of brand weapon {unknown}
 s - 2 scrolls of fear {unknown}
 t - a scroll of teleportation {unknown}
 x - a scroll of blinking {unknown}
 y - a scroll of magic mapping {unknown}
Potions
 g - a potion of haste
 j - a potion of magic {unknown}
 k - a potion of resistance {unknown}
 o - 2 potions of mutation {unknown}
 q - 3 potions of flight
 u - a potion of brilliance
 v - a potion of invisibility {unknown}
 w - a potion of curing {unknown}


   Skills:
 * Level 5.0 Fighting
 * Level 8.9 Axes
 - Level 2.0 Throwing
 * Level 4.9 Armour
 * Level 4.9 Dodging


You had 7 spell levels left.
You didn't know any spells.
Your spell library contained the following spells:

 Spells                   Type           Power      Damage    Failure   Level
 Animate Skeleton         Necr           0%         N/A       99%         1
 Pain                     Necr           0%         1d4       99%         1
 Corpse Rot               Necr/Air       N/A        N/A       100%        2
 Inner Flame              Hex/Fire       0%         N/A       100%        3
 Vampiric Draining        Necr           0%         2d6       100%        3
 Cause Fear               Hex            0%         N/A       100%        4
 Dispel Undead            Necr           0%         3d6       100%        4
 Death Channel            Necr           0%         N/A       100%        6
 Discord                  Hex            0%         N/A       100%        8


Dungeon Overview and Level Annotations

Branches:
Dungeon (5/15)              Sewer (visited)
 Temple: D:4-7

Altars:
Gozag

Shops:
D:2 (

Annotations:
D:5 2 transporters, Prince Ribbit; eisteetrinker's ghost, novice HOFi


Innate Abilities, Weirdness & Mutations

You have a pair of horns on your head.
You reflexively headbutt those who attack you in melee.


Message History

Something hits you but does no damage. Something bites you but does no damage.
Something barely misses you. Something bites you.
Something draws strength from your injuries!
You hear some strange, mumbled words.
Something tries to affect you, but you resist.
You slash something! You headbutt something. Something hits you.
Something bites you.
Something draws strength from your injuries!
You hit something. Something hits you but does no damage. Something bites you!
Something draws strength from your injuries!
You miss something. Your headbutt misses something. Something hits you!
Something bites you but does no damage.
You hit something but do no damage. Something hits you.
Something bites you but does no damage.
You hit something. Something hits you but does no damage. Something bites you!
Something draws strength from your injuries!
You miss something. Something hits you but does no damage.
Something bites you but does no damage.
You completely miss something. Something hits you but does no damage.
Something bites you.
* * * LOW HITPOINT WARNING * * *
Something draws strength from your injuries!
You closely miss something. You headbutt something. Something hits you!
* * * LOW HITPOINT WARNING * * *
Something bites you.
* * * LOW HITPOINT WARNING * * *
Something draws strength from your injuries!
It was a potion of haste.
You feel yourself speed up. Something hits you but does no damage.
Something bites you but does no damage.
It was a potion of brilliance.
You feel clever all of a sudden. Something hits you but does no damage.
Something bites you.
* * * LOW HITPOINT WARNING * * *
Something draws strength from your injuries!
It was a potion of berserk rage.
A red film seems to cover your vision as you go berserk!
You feel yourself moving faster!
You feel mighty! Something hits you.
* * * LOW HITPOINT WARNING * * *
Something bites you.
You die...

.. +......# #.....P....
..######......## #..........
♣..#...#.......#+##....#####
♣.....#.......#..'....#
♣♣.....#.......#..#....#
♣......#.......#..#....#
♣.####'#.......#..#....#
..#............#{.#....#
...............#@.+....# #.#...
...............#..#....# #.#..#
...............#..#....# #.#.#.
........<......####....#####.#...
.....##+#####................#.#.
.....#......'................#..#
.....#......#................#oo.
.....#......#................##8.
....#####..##+##....######+..###


There were no monsters in sight!

Vanquished Creatures
  Sigmund (D:3)
  An ice beast (D:5)
  A necrophage (D:5)
  An ogre (D:5)
  A scorpion (D:3)
  A water moccasin skeleton (D:5)
  2 howler monkeys (D:5)
  2 hounds (D:5)
  A centaur skeleton (D:5)
  A jelly (D:4)
  An iguana (D:5)
  An orc wizard (D:5)
  Terence (D:3)
  2 hound skeletons (D:4)
  7 adders
  5 gnolls (D:5)
  2 river rats (D:3)
  7 worms
  A dart slug (D:3)
  6 orcs
  6 endoplasms
  6 giant cockroaches
  3 goblins
  4 hobgoblins
  20 jackals
  3 quokkas
  3 ball pythons
  8 bats
  3 frilled lizards
  7 kobolds
  5 rats
113 creatures vanquished.

Notes
Turn   | Place    | Note
-------+----------+-------------------------------------------
     0 | D:1      | Leibowitz the Minotaur Gladiator began the quest for the
                  | Orb.
     0 | D:1      | Reached XP level 1. HP: 18/18 MP: 0/0
   646 | D:2      | Reached skill level 4 in Axes
   646 | D:2      | Reached XP level 2. HP: 25/25 MP: 1/1
   823 | D:2      | Found Feoqeve's Antique Weapon Boutique.
  1378 | D:2      | Reached skill level 1 in Armour
  1378 | D:2      | Reached XP level 3. HP: 30/30 MP: 2/2
  1842 | D:3      | Reached XP level 4. HP: 31/37 MP: 3/3
  1868 | D:3      | Reached skill level 5 in Axes
  1888 | D:3      | Found a glowing drain.
  1907 | Sewer    | Entered a sewer
  2493 | D:3      | Noticed Terence
  2496 | D:3      | Noticed a scorpion
  2499 | D:3      | Killed Terence
  2500 | D:3      | Reached XP level 5. HP: 16/40 MP: 4/4
  2505 | D:3      | Reached skill level 6 in Axes
  2891 | D:3      | Noticed Sigmund
  2902 | D:3      | Killed Sigmund
  2903 | D:3      | Reached XP level 6. HP: 51/52 MP: 5/5
  3215 | D:3      | Found a faded altar of an unknown god.
  3243 | D:4      | Reached skill level 7 in Axes
  3488 | D:4      | Found an opulent altar of Gozag.
  3791 | D:5      | Entered Level 5 of the Dungeon
  3811 | D:5      | Reached XP level 7. HP: 55/59 MP: 6/6
  3926 | D:5      | Reached skill level 8 in Axes
  4240 | D:5      | Found a transporter.
  4243 | D:5      | Noticed eisteetrinker's ghost (novice HOFi)
  4245 | D:5      | Found a transporter.
  4491 | D:5      | Noticed Prince Ribbit
  4582 | D:5      | Reached skill level 5 in Fighting
  4582 | D:5      | Reached XP level 8. HP: 57/68 MP: 7/7
  4717 | D:5      | HP: 2/68 [something (3)]
  4718 | D:5      | Slain by a vampire

Illustrated notes

Levels and vault maps discovered:
D:1:      dpeg_arrival_pond, layout_basic
D:2:      layout_basic, serial_shops, nicolae_shop_behind_doors
D:3:      layout_loops_ring, lightli_sewer_entry_pipes,
          shapermc_ecumenical_altar_acropolis, uniq_terence, uniq_sigmund
D:4:      layout_rooms, lemuel_coloured_pillars_altar
D:5:      lemuel_castle_with_subvaults [lemuel_castle_interior_original],
          layout_gridville, nicolae_uskayaw_murder_on_the_dancefloor,
          gammafunk_ghost_arena, nrook_campfire, uniq_pikel, uniq_prince_ribbit1

Skill      XL: |  1  2  3  4  5  6  7 |
---------------+----------------------+-----
Axes           | 4 5 6 7 8 |  8.9
Armour         | 1 2 3 4 |  4.9
Fighting       | 3 4 5 |  5.0
Dodging        | 4 |  4.9
Throwing       | |  2.0

Action                   |  1- 3 |  4- 6 |  7- 9 || total
-------------------------+-------+-------+-------++-------
Melee: War axe           |    60 |   131 |    87 ||   278
       Headbutt          |     6 |    20 |    20 ||    46
Throw: Throwing net      |       |     2 |       ||     2
  Use: Potion            |       |     1 |     3 ||     4
Armor: Chain mail        |    30 |    57 |    49 ||   136
Dodge: Dodged            |    28 |    79 |    30 ||   137
